AoeStats
← 297539664

Arena

509395202Analyzed
4v4 RM · 6d ago on Sep 26, 2026· 38m 43s· 8 players
Game mode
Random Map
Map size
Large (8 player)
Population
200
Speed
Normal
Resources
Standard
Victory
Conquest
Starting age
Dark Age
Ending age
Imperial Age
RankedLock teamsTeams togetherTeam positionsShared explorationLock speedFull tech treeHidden civsTurbo modeCheats
Victory
Defeat
🇹🇷 Khmer · Türkiye
1452
+18
🇧🇷 Mongols · Brazil
1439
+19
🇪🇸 Celts · Spain
1414
+20
🇨🇳 Spanish · China
1366
+21
🇨🇳 Lithuanians · China
1577
-24
🇨🇳 Britons · China
1516
-20
🇨🇳 Khmer · China
1441
-17
🇹🇼 Mongols · Taiwan
1438
-17
帝国孙笑川
10:37 Feudal Age
12:03 Double-Bit Axe
14:35 Castle Age
12:47 Horse Collar
15:36 Bow Saw
22:45 Gold Mining
23:21 Stone Mining
25:03 Wheelbarrow
24:39 Loom
29:45 Imperial Age
27:21 Fletching
28:04 Bodkin Arrow
28:39 Ballistics
28:01 Crossbowman
29:56 Hand Cart
30:18 Gold Shaft Mining
31:34 Chemistry
30:35 Bracer
30:05 Arbalester
31:45 Conscription
32:07 Padded Archer Armor
34:09 Leather Archer Armor
34:07 Masonry
38:09 Yeomen
1165498765132
10:00 Feudal Age
13:41 Castle Age
11:33 Double-Bit Axe
11:29 Horse Collar
14:48 Bow Saw
19:15 Loom
19:31 Town Watch
22:01 Wheelbarrow
21:42 Stone Mining
22:30 Gold Mining
23:58 Fortified Wall
28:59 Imperial Age
26:28 Fletching
27:47 Hand Cart
27:28 Bodkin Arrow
27:34 Padded Archer Armor
29:07 Husbandry
29:18 Bloodlines
29:42 Thumb Ring
29:58 Bracer
31:04 Chemistry
30:43 Elite Mangudai
32:28 Ballistics
32:48 Conscription
33:17 Leather Archer Armor
33:28 Parthian Tactics
36:07 Coinage
35:05 Capped Ram
35:34 Light Cavalry
36:03 Siege Ram
37:02 Hussar
投掷哥布林
9:45 Feudal Age
13:35 Castle Age
11:39 Double-Bit Axe
11:42 Horse Collar
15:44 Bow Saw
16:29 Fervor
19:23 Loom
20:14 Wheelbarrow
23:32 Town Watch
23:53 Stone Mining
30:27 Imperial Age
29:17 Gold Mining
30:45 Hand Cart
30:37 Fletching
33:04 Elite Skirmisher
35:19 Bodkin Arrow
35:50 Padded Archer Armor
36:15 Ballistics
36:55 Chemistry
36:28 Bracer
37:12 Padded Archer Armor
38:16 Leather Archer Armor
297539664
10:28 Feudal Age
13:31 Castle Age
11:59 Double-Bit Axe
12:37 Horse Collar
15:30 Bow Saw
18:12 Loom
25:51 Wheelbarrow
27:32 Heavy Plow
29:19 Gold Mining
32:34 Imperial Age
31:43 Hand Cart
32:19 Gold Shaft Mining
32:09 Husbandry
32:20 Bloodlines
32:17 Scale Barding Armor
32:42 Light Cavalry
santijaca98
10:25 Feudal Age
11:39 Double-Bit Axe
14:35 Castle Age
15:33 Bow Saw
15:05 Horse Collar
21:46 Fervor
21:48 Heavy Plow
24:59 Gold Mining
28:10 Imperial Age
27:29 Wheelbarrow
27:07 Forging
26:57 Scale Mail Armor
27:11 Masonry
26:38 Pikeman
27:04 Arson
28:20 Onager
29:17 Chain Mail Armor
29:37 Iron Casting
28:25 Halberdier
30:25 Chemistry
29:54 Capped Ram
30:57 Siege Ram
32:28 Plate Mail Armor
32:57 Conscription
33:12 Furor Celtica
36:03 Siege Onager
37:35 Siege Engineers
Yokolucu
11:02 Feudal Age
13:47 Castle Age
12:36 Double-Bit Axe
16:27 Horse Collar
21:33 Bow Saw
24:26 Light Cavalry
26:05 Bloodlines
26:58 Wheelbarrow
31:06 Imperial Age
28:39 Gold Mining
29:18 Forging
29:15 Husbandry
29:57 Heavy Plow
30:19 Stone Mining
31:01 Scale Barding Armor
32:06 Chain Barding Armor
32:46 Hussar
34:14 Conscription
35:12 Plate Barding Armor
36:33 Iron Casting
36:39 Loom
37:11 Hand Cart
36:50 Heavy Scorpion
38:11 Crop Rotation
38:01 Double Crossbow
38:20 Siege Engineers
40:14 Blast Furnace
VkA | paulovmcm
10:20 Feudal Age
11:00 Double-Bit Axe
14:05 Castle Age
12:14 Horse Collar
13:58 Wheelbarrow
15:49 Bow Saw
20:30 Heavy Plow
21:07 Gold Mining
21:46 Stone Mining
22:18 Loom
24:29 Gold Shaft Mining
26:28 Coinage
28:46 Imperial Age
26:05 Town Watch
26:21 Fletching
26:52 Ballistics
27:12 Bodkin Arrow
27:29 Masonry
27:41 Hand Cart
27:45 Padded Archer Armor
28:22 Stone Shaft Mining
30:27 Chemistry
29:28 Bracer
30:27 Parthian Tactics
30:08 Thumb Ring
30:41 Husbandry
30:51 Bloodlines
31:30 Leather Archer Armor
31:46 Conscription
31:52 Siege Engineers
32:14 Nomads
32:37 Drill
32:13 Elite Mangudai
37:15 Hoardings
37:23 Hoardings
WCID
10:51 Feudal Age
14:34 Castle Age
12:59 Double-Bit Axe
13:06 Stone Mining
13:19 Loom
16:12 Bow Saw
16:28 Horse Collar
21:29 Fletching
25:16 Padded Archer Armor
27:31 Town Watch
30:00 Bloodlines
29:58 Bodkin Arrow
37:21 Heavy Plow
38:50 Fortified Wall
Connection lost

Rejoining the realm…

Still unreachable

The connection could not be restored.

Session expired

The server has moved on; the page needs a fresh start.